 Dungeon Crawl Stone Soup version 0.30-a0-760-g5a9884bb7c (webtiles) character file.

Game seed: 15125360201149164323

310 BigDaddyOpFi the Firebug (level 6, -3/24 HPs)
             Began as a Felid Fire Elementalist on Feb 10, 2023.
             Succumbed to a killer bee's poison
             ... on level 7 of the Dungeon.
             The game lasted 00:14:48 (9067 turns).

BigDaddyOpFi the Firebug (Felid Fire Elementalist)  Turns: 9067, Time: 00:14:49

Health: -3/24      AC:  2    Str:  7    XL:     6   Next: 17%
Magic:  14/14      EV: 17    Int: 19    God:
Gold:   1394       SH:  0    Dex: 16    Spells: 9/15 levels left
                                        Lives:  0   Deaths: 2

rFire   . . .      SeeInvis +    (weapon unavailable)
rCold   . . .      Faith    .    (shield unavailable)
rNeg    . . .      Spirit   .    (body armour unavailable)
rPois   +          Reflect  .    (helmet unavailable)
rElec   .          Harm     .    (cloak unavailable)
rCorr   +          Rampage  .    (gloves unavailable)
Will    .....                    (boots unavailable)
Stlth   ++                       j - amulet of magic regeneration
HPRegen 0.24/turn                b - ring of resist corrosion
MPRegen 0.54/turn                d - ring of Suspected Treachery {Wiz rPois Str+3}

@: lethally poisoned (-3 -> -21), quick
A: very small, claws 1, fangs 3, see invisible, speed 1, shaggy fur 2, stealthy
paws, no weapons or thrown items, no armour, multi-lived
a: no special abilities


You were on level 7 of the Dungeon.
You visited 1 branch of the dungeon, and saw 7 of its levels.

You collected 1394 gold pieces.

Inventory:

Jewellery
 b - a ring of resist corrosion (left paw)
 d - the ring of Suspected Treachery (right paw) {Wiz rPois Str+3}
   (You acquired it on level 6 of the Dungeon)

   [ring of wizardry]

   It improves your spell success rate.
   Str:       It affects your strength (+3).
   rPois:     It protects you from poison.
 j - an amulet of magic regeneration (around neck)
Wands
 f - a wand of flame (25)
 g - a wand of acid (2)
 o - a wand of polymorph (10)
Scrolls
 h - a scroll of enchant armour
 i - a scroll of identify
 q - a scroll of summoning {unknown}
Potions
 a - a potion of magic
 e - a potion of degeneration {unknown}
 l - a potion of attraction
 m - a potion of brilliance {unknown}
 p - a potion of resistance


   Skills:
 - Level 3.0 Dodging
 - Level 3.0 Stealth
 + Level 5.0 Spellcasting
 - Level 3.5 Conjurations
 + Level 4.3 Translocations
 + Level 5.3 Fire Magic
 + Level 2.5 Air Magic


You had 9 spell levels left.
You knew the following spells:

 Your Spells              Type           Power      Damage    Failure   Level
a - Foxfire               Conj/Fire      84%        2x1d8     1%          1
b - Scorch                Fire           50%        2d7       1%          2
c - Kindle Blastsparks    Fire/Tloc/Air  40%        2d13      2%          3

Your spell library contained the following spells:

 Spells                   Type           Power      Damage    Failure   Level
 Blink                    Tloc           42%        N/A       1%          2
 Lesser Beckoning         Tloc           42%        N/A       1%          2
 Momentum Strike          Conj/Tloc      38%        3d9       1%          2
 Inner Flame              Hex/Fire       15%        N/A       4%          3
 Flame Wave               Conj/Fire      21%        2d8       9%          4


Dungeon Overview and Level Annotations

Branches:
Dungeon (7/15)
 Temple: D:4-7

Altars:
Gozag
Wu Jian

Shops:
D:4 :

Annotations:
D:3 3 runed translucent doors, sokol815's ghost, amateur KoHu


Innate Abilities, Weirdness & Mutations

You have sharp claws.
You have razor-sharp teeth.
You have supernaturally acute eyesight. (SInv)
You cover ground quickly. (Speed+)
You are covered in thick fur. (AC +2)
Your paws help you pounce on unaware monsters.
You are incapable of wielding weapons or throwing items.
You cannot wear armour.
You gain extra lives every three experience levels.


Message History

Confirm with . or Enter, or press ? or * to list all spells.
Flames lash the jelly.
The jelly is burned terribly!
You kill the jelly!
There is a stone staircase leading up here.
You start resting.
Magic restored.
This spell is dangerous to cast!
Memorise Kindle Blastsparks, consuming 3 spell levels and leaving 9?
You start memorising the spell.
You continue memorising. x3
You finish memorising.
Spell assigned to 'c'.
Okay, then.
A killer bee comes into view.
The killer bee buzzes angrily.
A killer bee comes into view.
The killer bee moves out of view.
A killer bee comes into view.
Found 12 gold pieces.
The killer bee buzzes angrily. x2; You hear an angry buzzing noise.
A killer bee comes into view. x3
The killer bee buzzes angrily.
The killer bee attacks as you move away!
The killer bee barely misses you. The killer bee closely misses you.
There is a stone staircase leading up here.
The killer bee stings you.
You are poisoned.
The killer bee poisons you! The killer bee stings you.
You are lethally poisoned!
The killer bee poisons you!
You climb upwards.
You feel extremely sick. The gnoll barely misses you.
There is a stone staircase leading down here.
You feel very sick. The killer bee stings you!
* * * LOW HITPOINT WARNING * * *
You are more poisoned.
The killer bee poisons you! The gnoll closely misses you.
The killer bee misses you.
You climb downwards.
You die...

.y. #######.#
#....##.# #
#....##.#.#
#....##.#.#
#.........#
#.......#####..
#..yyg.y.......
#...@y.........
#..yy.#........
#............#.
#....#.........
######.........
#.........
##........
#........


You could see 6 killer bees and a gnoll.

Vanquished Creatures
  A steam dragon (D:6)
  2 black bears
  2 ogres
  A phantom (D:4)
  A scorpion (D:3)
  An orc priest (D:3)
  2 hounds
  A jelly (D:7)
  2 iguanas (D:4)
  Terence (D:2)
  Natasha (thrice) (D:2 D:3)
  6 adders
  5 gnolls
  2 white imps
  An ufetubus (D:4)
  2 worms
  3 dart slugs (D:1)
  4 orcs
  9 endoplasms
  A giant cockroach (D:2)
  6 hobgoblins
  7 jackals
  5 kobolds
  2 quokkas (D:2)
  6 ball pythons
  9 bats
  A frilled lizard (D:1)
  14 goblins
  2 rats
102 creatures vanquished.

Vanquished Creatures (others)
  166 foxfires
  2 fungi (D:3)
  A plant (D:3)
169 creatures vanquished.

Grand Total: 271 creatures vanquished

Notes
Turn   | Place    | Note
-------+----------+-------------------------------------------
     0 | D:1      | BigDaddyOpFi the Felid Fire Elementalist began the quest
                  | for the Orb.
     0 | D:1      | Reached XP level 1. HP: 7/7 MP: 4/4
   102 | D:1      | Reached skill level 1 in Conjurations
   289 | D:1      | Reached XP level 2. HP: 11/11 MP: 1/6
  1250 | D:1      | Reached XP level 3. HP: 14/14 MP: 5/7
  1851 | D:2      | Identified the +4 trident of Circularity {drain, rElec
                  | rPois rC- Int+2}
  1903 | D:2      | Found a faded altar of an unknown god.
  1914 | D:2      | Noticed Terence
  1961 | D:2      | Noticed Natasha
  2073 | D:3      | Noticed a scorpion
  2210 | D:3      | Learned a level 2 spell: Scorch
  2258 | D:3      | Killed a scorpion
  2259 | D:3      | Reached XP level 4. HP: 18/18 MP: 0/9
  2476 | D:3      | Found an opulent altar of Gozag.
  2501 | D:3      | Reached XP level 5. HP: 8/21 MP: 0/10
  2800 | D:3      | Found a runed translucent gate.
  2800 | D:3      | Found a runed translucent gate.
  2802 | D:3      | Found a runed translucent gate.
  2803 | D:3      | Noticed sokol815's ghost (amateur KoHu)
  3777 | D:2      | Killed Natasha
  3957 | D:2      | Killed Terence
  4211 | D:2      | Noticed Natasha
  4216 | D:2      | Killed Natasha
  4391 | D:2      | Gained mutation: You are covered in thick fur. (AC +2)
                  | [Felid growth]
  4391 | D:2      | Reached XP level 6. HP: 24/24 MP: 5/12
  4394 | D:2      | Noticed Natasha
  4401 | D:3      | Killed Natasha
  5478 | D:4      | Found Ceur's Book Shop.
  6610 | D:4      | Reached skill level 1 in Translocations
  6861 | D:4      | Reached XP level 7. HP: 27/27 MP: 0/14
  7082 | D:4      | Found an ornate altar of the Wu Jian Council.
  7086 | D:4      | Reached skill level 1 in Air Magic
  8754 | D:5      | Entered Level 5 of the Dungeon
  8759 | D:5      | Noticed a wyvern
  8773 | D:5      | Noticed a steam dragon
  8774 | D:5      | Reached skill level 5 in Fire Magic
  8994 | D:6      | Killed a steam dragon
  8995 | D:6      | Reached skill level 5 in Spellcasting
  8995 | D:6      | Reached XP level 8. HP: 5/31 MP: 10/16
  8995 | D:6      | Mangled by an iguana
  8996 | D:6      | Reached XP level 7. HP: -6/27 MP: 9/15
  9004 | D:6      | Identified 2 scrolls of acquirement
  9004 | D:6      | Acquired the ring of Suspected Treachery {Wiz rPois Str+3}
  9009 | D:6      | Slain by a gnoll
  9010 | D:6      | Reached XP level 6. HP: -1/24 MP: 14/14
  9017 | D:6      | Acquired 1112 gold pieces
  9053 | D:7      | Learned a level 3 spell: Kindle Blastsparks
  9067 | D:7      | Succumbed to a killer bee's poison

Illustrated notes

Levels and vault maps discovered:
D:1:      spicycebolla_green_bress_n_ham, layout_basic, minmay_tripent
D:2:      layout_rooms, ebering_ecumenical_altar_mist, uniq_natasha,
          uniq_terence
D:3:      layout_basic, grunt_gozag_statues, gammafunk_ghost_nasty_kobolds,
          grunt_ministairs_11
D:4:      layout_basic, mainiacjoe_overflow_six_doors_small, serial_shops,
          nicolae_stop_n_shop_1
D:5:      layout_gridville, minmay_temple_entry_stoned_glass, serial_shops, shop
D:6:      layout_gridville, minmay_misc_feat_tower
D:7:      layout_rooms, gammafunk_temple_overflow_wave

Skill      XL: |  1  2  3  4  5  6  7 |
---------------+----------------------+-----
Conjurations   | 1 2 3 |  3.5
Dodging        | 3 |  3.0
Stealth        | 3 |  3.0
Fire Magic     | 3 4 5 |  5.3
Spellcasting   | 3 4 5 |  5.0
Translocations | 1 4 |  4.3
Air Magic      | 2 |  2.5

Action                     |  1- 3 |  4- 6 |  7- 9 || total
---------------------------+-------+-------+-------++-------
  Melee: Unarmed           |       |     4 |       ||     4
   Cast: Foxfire           |    73 |    34 |    10 ||   117
         Scorch            |     4 |    58 |    29 ||    91
    Use: Potion            |     1 |     1 |     2 ||     4
         Scroll            |       |     3 |     4 ||     7
 Armour: Skin              |       |     1 |     4 ||     5
  Dodge: Dodged            |    36 |    68 |    40 ||   144

Table legend: (Time is in decaauts)
 A = Elapsed time spent in this place.
 B = Non-inter-level travel time spent in this place.
 C = Inter-level travel time spent in this place.
 D = Time resting spent in this place.
 E = Time spent auto-exploring this place.
 F = Levels seen in this place.
 G = Mean time per level.
                   A        B        C        D        E       F      G
               +--------+--------+--------+--------+--------+-----+--------+
         Total |   8510 |   8396 |    114 |   5539 |   1379 |   7 | 1215.7 |
       Dungeon |   8510 |   8396 |    114 |   5539 |   1379 |   7 | 1215.7 |
               +--------+--------+--------+--------+--------+-----+--------+

Top non-repeatable levels by time:
     D:3: 3276 daAuts
     D:4: 2307 daAuts
     D:1: 1809 daAuts
     D:2: 813 daAuts
     D:6: 247 daAuts
     D:5: 28 daAuts
     D:7: 26 daAuts
